 Dungeon Crawl Stone Soup version 0.31-a0-232-gb1c03b2 (webtiles) character file.

Game seed: 9310346974436104493

1528 Dawnplanks the Geomancer (level 8, 42/42 HPs)
             Began as a Gargoyle Earth Elementalist on July 6, 2023.
             Quit the game on level 6 of the Dungeon on July 7, 2023.
             The game lasted 00:10:49 (5303 turns).

Dawnplanks the Geomancer (GrEE)                     Turns: 5303, Time: 00:10:50

Health: 42/42      AC:  8    Str: 12    XL:     8   Next: 85%
Magic:  10/18      EV: 12    Int: 18    God:
Gold:   284        SH:  0    Dex: 10    Spells: 16/20 levels left

rFire   + . .        u - +1 dagger (venom)
rCold   . . .        (no shield)
rNeg    + . .        a - +0 robe
rPois   ∞            (no helmet)
rElec   +            (no cloak)
rCorr   .            j - +0 pair of gloves
SInv    .            (no boots)
Will    .....        (no amulet)
Stlth   +            p - ring of protection from fire
HPRegen 0.27/turn    (no ring)
MPRegen 0.16/turn

%: no passive effects
@: confused
A: sickness immunity, AC +5, negative energy resistance 1, electricity
resistance, torment resistance 1, petrification resistance
a: no special abilities


You were on level 6 of the Dungeon.
You visited 1 branch of the dungeon, and saw 6 of its levels.
You also visited: Sewer.

You collected 284 gold pieces.

Inventory:

Hand Weapons
 e - a +0 club
 u - a +1 dagger of venom (weapon)
Armour
 a - a +0 robe (worn)
 j - a +0 pair of gloves (worn)
Jewellery
 h - a ring of fire
 p - a ring of protection from fire (left hand)
Wands
 v - a wand of iceblast (14)
Scrolls
 c - 7 scrolls of teleportation {unknown}
 d - a scroll of vulnerability {unknown}
 f - 2 scrolls of fog {unknown}
 i - a scroll of torment {unknown}
 k - 2 scrolls of immolation {unknown}
 o - a scroll of noise {unknown}
 q - a scroll of fear {unknown}
 r - 2 scrolls of identify {unknown}
 s - 2 scrolls of amnesia {unknown}
 x - a scroll of silence {unknown}
Potions
 b - a potion of magic
 g - 2 potions of curing {unknown}
 l - 2 potions of haste {unknown}
 m - 2 potions of enlightenment {unknown}
 n - 4 potions of cancellation {unknown}
 t - 2 potions of mutation {unknown}
 w - a potion of ambrosia {unknown}
 z - a potion of brilliance {unknown}
 A - 2 potions of invisibility {unknown}
 B - 2 potions of heal wounds {unknown}
 C - a potion of resistance {unknown}


   Skills:
 + Level 0.6 Fighting
 + Level 2.1 Dodging
 - Level 2.1 Stealth
 + Level 6.6 Spellcasting
 + Level 4.8 Conjurations
 - Level 0.7 Transmutations
 + Level 8.5 Earth Magic


You had 16 spell levels left.
You knew the following spells:

 Your Spells              Type           Power      Damage    Failure   Level
a - Sandblast             Erth           72%        2d16      1%          1
b - Stone Arrow           Conj/Erth      60%        3d10      2%          3

Your spell library contained the following spells:

 Spells                   Type           Power      Damage    Failure   Level
 Passwall                 Tmut/Erth      18%        N/A       2%          2
 Apportation              Tloc           12%        N/A       11%         1
 Summon Small Mammal      Summ           24%        N/A       11%         1
 Petrify                  Tmut/Erth      22%        N/A       17%         4
 Ignite Poison            Fire/Tmut/Pois 6%         N/A       30%         3
 Call Canine Familiar     Summ           6%         N/A       32%         3
 Summon Guardian Golem    Hex/Summ       6%         N/A       32%         3
 Freezing Cloud           Conj/Ice/Air   5%         6-21      85%         5
 Alistair's Intoxication  Tmut/Pois      4%         N/A       95%         5
 Cigotuvi's Dreadful Rot  Necr/Pois/Air  Unusable   N/A       N/A         2

Dungeon Overview and Level Annotations

Branches:
Dungeon (6/15)             Temple (0/1) D:6           Sewer (visited)

Altars:
Ashenzari
Okawaru
Wu Jian
Xom

Annotations:
D:6 2 runed translucent doors


Innate Abilities, Weirdness & Mutations

You are immune to sickness and miasma.
Your stone body is resilient. (AC +5)
You are immune to poison.
You resist negative energy. (rN+)
You are resistant to electric shocks. (rElec)
You are resistant to unholy torment.
You are immune to petrification.


Message History

An orc wizard comes into view. It is wielding a +0 dagger.
An orc comes into view. It is wielding a +0 dagger.
The orc shouts!
Casting: Sandblast (safe; 1% risk of failure)
Confirm with . or Enter, or press ? or * to list all spells.
You don't know that spell.
Unknown command.
The blast of sand hits the orc!
You kill the orc!
The blast of sand hits the orc warrior!
The orc warrior is moderately wounded.
The blast of sand hits the orc warrior!
The orc warrior is heavily wounded.
The blast of sand hits the orc warrior!
The orc warrior is almost dead.
The orc warrior hits you with a +0 scimitar.
The orc warrior hits you but does no damage.
The blast of sand misses the orc warrior.
The blast of sand misses the orc wizard.
The blast of sand misses the orc.
The blast of sand hits the orc!!
You kill the orc!
The orc warrior barely misses you.
The blast of sand hits the orc warrior!
You kill the orc warrior!
The orc wizard casts a spell at you. The puff of flame misses you.
The blast of sand misses the orc wizard.
The blast of sand misses the orc.
The orc wizard points at you and mumbles some strange words.
You resist with some effort.
The blast of sand hits the orc wizard!
The orc wizard is heavily wounded.
The orc wizard gestures at you while chanting.
You are confused.
The orc wizard hits you but does no damage.
You're too confused to cast spells.
You're too confused to cast spells.
You're too confused to cast spells.
There are monsters nearby!
Are you sure you want to abandon this character and quit the game? (Confirm with "yes".)

#.# #.# #.#
#.# #.# #.#
# #.#
⌠.⌠#######.#
.>.).oo@...#
⌠.⌠#######.#
# #.# #.#
#.# #.# #.#
#.#


You could see an orc wizard and an orc.

Vanquished Creatures
  A troll (D:6)
  A water moccasin (D:5)
  An orc warrior (D:6)
  2 black bears (D:5)
  An ice beast (D:6)
  An ogre (D:4)
  A kobold brigand (Sewer)
  A howler monkey (D:4)
  A quasit (D:4)
  3 hounds
  A jelly (D:5)
  An orc priest (D:6)
  2 sleepcaps
  An iguana (D:5)
  Natasha (thrice) (D:3)
  2 orc wizards
  4 gnolls (D:5)
  6 adders
  2 river rats (D:5)
  2 white imps (D:4)
  2 ufetubi (D:4)
  3 worms (D:3)
  13 orcs
  19 ball pythons
  8 bats
  9 endoplasms
  3 giant cockroaches
  4 goblins
  8 hobgoblins
  4 jackals (D:5)
  6 quokkas
  7 frilled lizards
  20 kobolds
  7 rats
150 creatures vanquished.

Notes
Turn   | Place    | Note
-------+----------+-------------------------------------------
     0 | D:1      | Dawnplanks the Gargoyle Earth Elementalist began the quest
                  | for the Orb.
     0 | D:1      | Reached XP level 1. HP: 10/10 MP: 3/3
   126 | D:1      | Reached XP level 2. HP: 15/15 MP: 0/5
   145 | D:1      | Reached skill level 4 in Earth Magic
  1112 | D:2      | Found a faded altar of an unknown god.
  1114 | D:2      | Reached XP level 3. HP: 19/19 MP: 4/6
  1656 | D:3      | Reached skill level 1 in Conjurations
  1656 | D:3      | Reached XP level 4. HP: 24/24 MP: 5/8
  1722 | D:3      | Found a shimmering blue altar of Sif Muna.
  1733 | D:3      | Found an ornate altar of the Wu Jian Council.
  1733 | D:3      | Found a glowing silver altar of Zin.
  1735 | D:3      | Found a hazy altar of Hepliaklqana.
  1735 | D:3      | Found a broken altar of Ashenzari.
  1735 | D:3      | Found a shimmering altar of Xom.
  1815 | D:3      | Learned a level 3 spell: Stone Arrow
  1877 | D:3      | Noticed Natasha
  1881 | D:3      | Killed Natasha
  1882 | D:3      | Reached skill level 5 in Earth Magic
  2042 | D:3      | Noticed Natasha
  2046 | D:3      | Killed Natasha
  2047 | D:3      | Reached XP level 5. HP: 28/28 MP: 6/10
  2168 | D:3      | Noticed Natasha
  2170 | D:3      | Killed Natasha
  2527 | D:4      | Noticed an ogre
  2532 | D:4      | Killed an ogre
  2533 | D:4      | Reached XP level 6. HP: 32/32 MP: 6/12
  2676 | D:4      | Reached skill level 6 in Earth Magic
  3178 | D:5      | Entered Level 5 of the Dungeon
  3180 | D:5      | Reached XP level 7. HP: 36/36 MP: 11/13
  3372 | D:5      | Reached skill level 5 in Spellcasting
  3442 | D:5      | Found a glowing drain.
  3448 | Sewer    | Entered a sewer
  3716 | Sewer    | Reached skill level 7 in Earth Magic
  4257 | D:5      | Reached XP level 8. HP: 38/41 MP: 9/16
  5000 | D:6      | Found a large runed translucent door.
  5001 | D:6      | Found a large runed translucent door.
  5108 | D:6      | Found an iron altar of Okawaru.
  5109 | D:6      | Upgraded the game from 0.31-a0-229-g1fc7ce9 to
                  | 0.31-a0-232-gb1c03b2
  5169 | D:6      | Noticed a troll
  5179 | D:6      | Killed a troll
  5180 | D:6      | Reached skill level 8 in Earth Magic
  5293 | D:6      | Found a staircase to the Ecumenical Temple.
  5303 | D:6      | Quit the game

Illustrated notes

Levels and vault maps discovered:
D:1:      amcnicky_arrival_wind_blow, layout_basic
D:2:      layout_rooms, basic_ecumenical_altar
D:3:      layout_loops_cross, doesnt_xom_only_xom, uniq_natasha
D:4:      layout_rooms, serial_demonic, serial_demonic_f, serial_demonic_a,
          serial_demonic_a, serial_demonic_e
D:5:      layout_loops_corners, portal_sewer_entry_e, minmay_lizard_king
D:6:      layout_loops_ring, okawaru_trees_1, jmf_multi_god_temple2,
          makhleb_blood_cavern_becter, temple_doors_e,
          ebering_ghost_disaster_area, serial_shops,
          nicolae_shop_overgrown_old_shop

Skill      XL: |  1  2  3  4  5  6  7  8 |
---------------+-------------------------+-----
Earth Magic    | 4 5 6 7 8 |  8.5
Conjurations   | 1 2 3 4 |  4.8
Spellcasting   | 3 4 5 6 |  6.6
Dodging        | 2 |  2.1
Fighting       | |  0.6
Stealth        | |  2.1
Transmutations | |  0.7

Action                     |  1- 3 |  4- 6 |  7- 9 || total
---------------------------+-------+-------+-------++-------
  Melee: Club              |     5 |     2 |       ||     7
         Unarmed           |     2 |       |       ||     2
         Punch             |     1 |       |       ||     1
   Cast: Sandblast         |    48 |    61 |   133 ||   242
         Stone Arrow       |       |     1 |     1 ||     2
 Armour: Robe              |    12 |     5 |    32 ||    49
  Dodge: Dodged            |    11 |     8 |    58 ||    77

Table legend: (Time is in decaauts)
 A = Elapsed time spent in this place.
 B = Non-inter-level travel time spent in this place.
 C = Inter-level travel time spent in this place.
 D = Time resting spent in this place.
 E = Time spent auto-exploring this place.
 F = Levels seen in this place.
 G = Mean time per level.
                   A        B        C        D        E       F      G
               +--------+--------+--------+--------+--------+-----+--------+
         Total |   5453 |   5262 |    191 |     38 |   4474 |   7 |  779.0 |
       Dungeon |   4898 |   4707 |    191 |      0 |   4060 |   6 |  816.3 |
         Sewer |    554 |    554 |      0 |     38 |    413 |   1 |  554.0 |
               +--------+--------+--------+--------+--------+-----+--------+

Top non-repeatable levels by time:
     D:5: 1296 daAuts
     D:1: 1003 daAuts
     D:3: 872 daAuts
     D:4: 714 daAuts
     D:2: 641 daAuts
   Sewer: 554 daAuts
     D:6: 369 daAuts
